 Dungeon Crawl Stone Soup version 0.30-a0-772-g5528072125 (console) character file.

Game seed: 189337866708920788

155920 jejorda2 the Phalangite (level 17, -4/142 HPs)
             Began as a Merfolk Berserker on Feb 12, 2023.
             Was a High Priest of Trog.
             Slain by a culicivora (17 damage)
             ... on level 4 of the Spider Nest on Feb 13, 2023.
             The game lasted 01:13:42 (33653 turns).

jejorda2 the Phalangite (Merfolk Berserker)        Turns: 33653, Time: 01:13:43

Health: -4/142     AC: 32    Str: 30    XL:     17   Next: 66%
Magic:  26/26      EV: 14    Int:  2    God:    Trog [*****.]
Gold:   2238       SH:  0    Dex: 16    Spells: 16/16 levels left

rFire   + . .      SeeInvis +    a - +10 demon trident {flame, Stlth+}
rCold   + + +      Faith    .    (no shield)
rNeg    . . .      Spirit   .    T - +2 plate armour {rF+}
rPois   +          Reflect  .    f - +0 helmet
rElec   .          Harm     .    l - +2 cloak
rCorr   .          Rampage  +    L - +0 pair of gloves
Will    +....                    J - +2 pair of boots {rampage} Stlth
                                 w - amulet of Ruplosh {Acrobat rPois rC+++ Int-5 Dex+2}
HPRegen 0.43/turn                B - +4 ring of protection
MPRegen 0.20/turn                I - ring "Him Pis" {rC+ MP+9 Str+6 SInv}

@: on berserk cooldown, slowed, very slow
A: (nimble swimmer 2), mertail
a: Renounce Religion, Berserk, Trog's Hand, Brothers in Arms


You were on level 4 of the Spider Nest.
You worshipped Trog.
Trog was extremely pleased with you.
You visited 4 branches of the dungeon, and saw 26 of its levels.
You also visited: Sewer, Gauntlet and Volcano.

You collected 2609 gold pieces.
You spent 371 gold pieces at shops.

Inventory:

Hand Weapons
 a - the +10 demon trident "Demonbane" (weapon) {flame, Stlth+}
   (Trog gifted it to you on level 4 of the Lair of Beasts)

   Stlth:     It makes you more stealthy.
 b - a +1 bardiche of freezing
Missiles
 d - 3 throwing nets
 u - 4 atropa-tipped darts
 x - 220 stones
 y - 11 poisoned darts
 C - 8 datura-tipped darts
 F - 11 boomerangs (quivered)
 H - a silver boomerang
 N - 13 javelins
Armour
 f - a +0 helmet (worn)
 l - a +2 cloak (worn)
 J - a +2 pair of boots of rampaging (worn)
 L - a +0 pair of gloves (worn)
 T - a +2 plate armour of fire resistance (worn)
Jewellery
 g - a ring of willpower
 w - the amulet of Ruplosh (around neck) {Acrobat rPois rC+++ Int-5 Dex+2}
   (You found it on level 6 of the Dungeon)

   [amulet of the acrobat]

   It increases your evasion while moving and waiting.
   Int:       It affects your intelligence (-5).
   Dex:       It affects your dexterity (+2).
   rC:        It renders you almost immune to cold.
   rPois:     It protects you from poison.
 B - a +4 ring of protection (left hand)
 I - the ring "Him Pis" (right hand) {rC+ MP+9 Str+6 SInv}
   (You found it in a Gauntlet)

   [ring of strength]

   Str:       It affects your strength (+6).
   rC:        It protects you from cold.
   MP:        It affects your magic capacity (+9).
   SInv:      It lets you see invisible.
 R - a ring of positive energy
Wands
 o - a wand of flame (50)
 z - a wand of charming (23)
 G - a wand of polymorph (13)
 O - a wand of quicksilver (4)
 P - a wand of roots (15)
 Q - a wand of mindburst (10)
Scrolls
 e - 9 scrolls of teleportation
 i - 2 scrolls of poison
 n - a scroll of fear
 p - 4 scrolls of magic mapping
 r - 10 scrolls of identify
 s - 11 scrolls of blinking
 v - 5 scrolls of immolation
 D - 4 scrolls of fog
 U - a scroll of enchant armour
Potions
 c - 3 potions of cancellation
 h - 6 potions of resistance
 j - 7 potions of might
 k - 4 potions of flight
 m - 6 potions of attraction
 q - 8 potions of mutation
 t - 14 potions of curing
 E - 3 potions of haste
 K - 5 potions of invisibility
 M - 5 potions of heal wounds
 S - a potion of ambrosia
Miscellaneous
 A - a condenser vane


   Skills:
 + Level 15.1 Fighting
 * Level 22.2 Polearms
 - Level 12.0 Throwing
 + Level 13.2 Armour
 + Level 11.5 Dodging
 - Level 6.0 Evocations


You had 16 spell levels left.
You didn't know any spells.
Your spell library was empty.

Dungeon Overview and Level Annotations

Branches:
Dungeon (15/15)            Temple (0/1) D:4            Lair (5/5) D:10
 Shoals (0/4) Lair:2       Spider (4/4) Lair:2        Slime (0/5) Lair:4
    Orc (2/2) D:12            Elf (0/3) Orc:2        Vaults (0/5) D:13
 Depths (0/4) D:15          Sewer (visited)         Volcano (visited)
Gauntlet (visited)

Altars:
Cheibriados
Kikubaaqudgha
Makhleb
Nemelex Xobeh
Trog
Uskayaw
Jiyva

Shops:
D:1 (   D:2 =   D:12 *   Orc:2 =[!(=[*

Annotations:
Spider:3 2 transporters


Innate Abilities, Weirdness & Mutations

((You are very nimble when in or above water. (Stealth+, EV+, Speed+++)))
Your lower body shifts to a powerful aquatic tail in water.


Message History

You struggle to detach yourself from the web.
You feel sick.
You are no longer poisoned.
The spark wasp buzzes angrily.
The culicivora bites you.
The culicivora draws strength from your injuries!
The wolf spider hits you!
The wolf spider bites you but does no damage.
The culicivora closely misses you. The wolf spider hits you!
The wolf spider bites you but does no damage.
You disentangle yourself.
Your skin stops crawling.
You feel less strong-willed. The culicivora closely misses you.
The wolf spider misses you. The wolf spider barely misses you.
The spark wasp stings you! The spark wasp shocks you!
The jumping spider leaps!
The culicivora barely misses you. The wolf spider hits you.
The wolf spider bites you but does no damage.
The spark wasp stings you but does no damage.
The culicivora bites you!
* * * LOW HITPOINT WARNING * * *
The culicivora draws strength from your injuries!
You impale the wolf spider!! You burn the wolf spider!
The wolf spider is heavily wounded.
The wolf spider hits you but does no damage.
The wolf spider closely misses you.
The spark wasp stings you but does no damage.
The culicivora closely misses you. The wolf spider closely misses you.
The wolf spider bites you but does no damage.
You barely miss the wolf spider.
The wolf spider is heavily wounded.
The spark wasp stings you but does no damage.
The wolf spider is healed somewhat.
The wolf spider misses you. The wolf spider barely misses you.
Your troll goes berserk!
The spark wasp stings you!
* * * LOW HITPOINT WARNING * * *
The spark wasp shocks you!
* * * LOW HITPOINT WARNING * * *
The culicivora bites you!
You die...

~~~.. ^.....†....^......#
.~... #.....##...:.......
.^...^##... #~†..........
^....^###.###...^.....#..
.......~#^#^..........# .
.............s.~#.#...#
...#.#....)..~###.###.
###^..†.^# . #~y@^.## ..
##s.s.^.... .....T##...
.^##....~# .. ... ^....^#
. #. #~....[. # .........
...........


You could see a spark wasp, a wolf spider (ally target), a culicivora, a jumping
spider and a friendly troll (summoned, berserk).

Vanquished Creatures
  2 emperor scorpions
  Louise (D:14)
  3 ghost moths
  Aizul (Spider:4)
  An orc warlord (Orc:2)
  A broodmother (Spider:4)
  Azrael (D:12)
  A minotaur (Gauntlet)
  3 spark wasps
  A fire dragon (Lair:5)
  Josephine (D:14)
  An ettin (D:15)
  An ice dragon (D:12)
  3 entropy weavers
  7 hydras
  4 jorogumos (Spider:2)
  2 two-headed ogres
  9 boulder beetles
  A merfolk aquamancer (D:13)
  A centaur warrior (D:13)
  2 dancing weapons (D:13)
  A catoblepas (D:14)
  3 tengu warriors
  3 death yaks (Lair:4)
  2 orc high priests (Orc:2)
  A sun demon (Volcano)
  A fire crab (Lair:5)
  A sun moth (Spider:2)
  5 pharaoh ants
  A skyshark (Lair:5)
  6 orb spiders
  4 skeletal warriors (D:14)
  An obsidian statue (Gauntlet)
  3 wizards (D:15)
  Pikel (D:4)
  6 steelbarb worms
  2 lindwurms (Lair:5)
  8 deep elf pyromancers
  5 orc knights
  2 deep elf zephyrmancers (Orc:1)
  14 wolf spiders
  3 orc sorcerers
  4 cyclopes
  2 manticores
  2 moths of wrath
  12 ugly things
  An ice statue (D:12)
  3 water nymphs (D:13)
  2 molten gargoyles (Volcano)
  18 elephants
  5 demonic crawlers
  A cane toad (shapeshifter) (D:13)
  13 black mambas
  A guardian serpent (Lair:5)
  2 unseen horrors
  12 cane toads
  Maggie (D:7)
  2 gargoyles
  13 torpor snails
  A rime drake (shapeshifter) (D:14)
  A kobold demonologist (D:11)
  3 rime drakes
  A freezing wraith (D:12)
  4 komodo dragons
  An ice devil (D:12)
  2 red devils (Volcano)
  3 polar bears
  A merfolk (Lair:2)
  3 meliai (D:13)
  6 trolls
  3 tyrant leeches (Lair:5)
  A tarantella (shapeshifter) (D:13)
  Prince Ribbit (D:7)
  11 hornets
  17 tarantellas
  17 blink frogs
  2 dream sheep (Lair:1)
  10 slime creatures
  A spriggan (shapeshifter) (D:15)
  2 shadows
  17 jumping spiders
  6 flying skulls (Gauntlet)
  2 vampires
  8 wraiths
  23 culicivoras
  A water elemental (D:13)
  16 wyverns
  A fire elemental (D:12)
  73 yaks
  Grum (D:10)
  2 fire bats (Volcano)
  41 redbacks
  6 wargs
  Menkaure (D:7)
  A death yak simulacrum (D:12)
  A harpy simulacrum (D:12)
  5 hell hounds (D:12)
  2 acid dragons (D:9)
  27 water moccasins
  Duvessa (D:5)
  A black bear (Lair:3)
  2 ice beasts
  32 orc warriors
  16 wolves
  6 ogres
  A phantom (D:6)
  4 centaurs
  A gnoll sergeant (D:6)
  5 scorpions
  14 bullfrogs
  Dowan (D:5)
  10 killer bees
  An elephant simulacrum (D:12)
  A howler monkey (D:4)
  6 electric eels
  4 hounds
  11 lava snakes
  5 jellies
  10 orc priests
  3 iguanas
  17 orc wizards
  A spriggan simulacrum (D:12)
  Robin (D:4)
  11 gnolls
  8 adders
  A shadow imp (D:7)
  2 ufetubi
  4 worms
  A dart slug (D:1)
  66 orcs
  13 ball pythons
  14 endoplasms
  9 giant cockroaches
  17 goblins
  9 hobgoblins
  8 jackals
  7 kobolds
  12 quokkas
  9 bats
  13 frilled lizards
  9 rats
906 creatures vanquished.

Vanquished Creatures (collateral kills)
  A dire elephant (Gauntlet)
  3 elephants (Gauntlet)
4 creatures vanquished.

Vanquished Creatures (others)
  An orc priest (D:11)
  An orc wizard (Orc:2)
  44 fungi
  78 plants
  24 withered plants (Gauntlet)
148 creatures vanquished.

Grand Total: 1058 creatures vanquished

Notes
Turn   | Place    | Note
-------+----------+-------------------------------------------
     0 | D:1      | jejorda2 the Merfolk Berserker began the quest for the Orb.
     0 | D:1      | Reached XP level 1. HP: 18/18 MP: 1/1
   110 | D:1      | Found Wuomiul's Weapon Emporium.
   341 | D:1      | Reached XP level 2. HP: 24/24 MP: 2/2
   771 | D:1      | Reached XP level 3. HP: 27/29 MP: 3/3
   777 | D:1      | Reached ** piety under Trog
  1035 | D:2      | Reached skill level 5 in Polearms
  1075 | D:2      | Found Eluthreis's Jewellery Shoppe.
  1315 | D:2      | Reached XP level 4. HP: 32/37 MP: 4/4
  1714 | D:3      | Found a faded altar of an unknown god.
  1777 | D:3      | Identified the +7 mace of the Valley {speed, Str+2}
  1884 | D:3      | Found a snail-covered altar of Cheibriados.
  1899 | D:3      | Reached skill level 6 in Polearms
  1899 | D:3      | Reached XP level 5. HP: 42/42 MP: 5/5
  1926 | D:3      | Found an ancient bone altar of Kikubaaqudgha.
  2086 | D:4      | Noticed Robin
  2091 | D:4      | Killed Robin
  2098 | D:4      | Reached XP level 6. HP: 49/49 MP: 6/6
  2107 | D:4      | Reached *** piety under Trog
  2217 | D:4      | Noticed Pikel
  2228 | D:4      | Reached skill level 7 in Polearms
  2250 | D:4      | Killed Pikel
  2251 | D:4      | Reached skill level 5 in Fighting
  2251 | D:4      | Reached skill level 8 in Polearms
  2251 | D:4      | Reached XP level 7. HP: 56/56 MP: 7/7
  2553 | D:4      | Found a bloodstained altar of Trog.
  2590 | D:4      | Found a staircase to the Ecumenical Temple.
  2594 | D:4      | Reached skill level 9 in Polearms
  2637 | D:5      | Entered Level 5 of the Dungeon
  2651 | D:5      | Reached XP level 8. HP: 52/64 MP: 8/8
  2917 | D:5      | Reached skill level 10 in Polearms
  2988 | D:5      | Noticed Duvessa
  3019 | D:5      | Killed Duvessa
  3020 | D:5      | Reached skill level 1 in Throwing
  3030 | D:5      | Noticed Dowan
  3036 | D:5      | Killed Dowan
  3875 | D:5      | Reached skill level 11 in Polearms
  4143 | D:6      | Reached XP level 9. HP: 69/69 MP: 9/9
  4263 | D:6      | Reached skill level 12 in Polearms
  4348 | D:6      | Found a glowing drain.
  4358 | Sewer    | Entered a sewer
  4383 | Sewer    | Reached **** piety under Trog
  4737 | D:6      | Identified the +1 flail "Gideg" {protect, Int+3}
  4787 | D:6      | Found a hide-covered altar of Uskayaw.
  4882 | D:6      | Identified the amulet of Ruplosh {Acrobat rPois rC+++ Int-5
                  | Dex+2}
  5140 | D:7      | Noticed Prince Ribbit
  5341 | D:7      | Killed Prince Ribbit
  5349 | D:7      | Noticed Maggie
  5407 | D:7      | Killed Maggie
  5616 | D:7      | Found a sparkling altar of Nemelex Xobeh.
  6054 | D:7      | Noticed Menkaure
  6060 | D:7      | Killed Menkaure
  6206 | D:8      | Reached skill level 13 in Polearms
  6206 | D:8      | Reached skill level 5 in Throwing
  6210 | D:8      | Reached XP level 10. HP: 76/76 MP: 10/10
  6836 | D:8      | Reached skill level 14 in Polearms
  7202 | D:9      | Noticed a two-headed ogre
  7210 | D:9      | Killed a two-headed ogre
  7407 | D:9      | Noticed a gargoyle
  7416 | D:9      | Reached skill level 5 in Armour
  7419 | D:9      | Killed a gargoyle
  7544 | D:9      | Reached skill level 15 in Polearms
  7655 | D:9      | Reached XP level 11. HP: 60/81 MP: 11/11
  7990 | D:10     | Entered Level 10 of the Dungeon
  7991 | D:10     | Noticed Grum
  8132 | D:10     | Reached skill level 16 in Polearms
  8264 | D:10     | Killed Grum
  8267 | D:10     | Found a staircase to the Lair.
  8790 | D:10     | Found a burning altar of Makhleb.
  8792 | D:10     | Noticed a cacodemon
  9009 | D:10     | Reached skill level 1 in Evocations
  9060 | D:11     | Noticed a two-headed ogre
  9068 | D:11     | Killed a two-headed ogre
  9091 | D:11     | Noticed a manticore
  9098 | D:11     | Killed a manticore
  9263 | D:11     | Reached skill level 17 in Polearms
  9372 | D:11     | Found a gate leading to a gauntlet.
  9379 | Gauntlet | Entered a Gauntlet
  9379 | Gauntlet | Found a large runed translucent door.
  9379 | Gauntlet | Found a large runed translucent door.
  9379 | Gauntlet | Found a large runed translucent door.
  9379 | Gauntlet | Found a large runed translucent door.
  9379 | Gauntlet | Found a large runed translucent door.
  9379 | Gauntlet | Found a large runed translucent door.
  9379 | Gauntlet | Found a runed translucent door.
  9379 | Gauntlet | Found a transporter.
  9379 | Gauntlet | Found a transporter.
  9379 | Gauntlet | Found a runed translucent door.
  9379 | Gauntlet | Found a large runed translucent door.
  9379 | Gauntlet | Found a large runed translucent door.
  9379 | Gauntlet | Found a large runed translucent door.
  9379 | Gauntlet | Found a large runed translucent door.
  9379 | Gauntlet | Found a large runed translucent door.
  9379 | Gauntlet | Found a large runed translucent door.
  9399 | Gauntlet | Noticed a necromancer
  9447 | Gauntlet | Found a transporter.
  9447 | Gauntlet | Found a transporter.
  9448 | Gauntlet | Found a large runed translucent door.
  9448 | Gauntlet | Found a large runed translucent door.
  9448 | Gauntlet | Found a large runed translucent door.
  9448 | Gauntlet | Found a large runed translucent door.
  9452 | Gauntlet | Found a runed translucent gate.
  9452 | Gauntlet | Found a runed translucent gate.
  9452 | Gauntlet | Found a runed translucent gate.
  9452 | Gauntlet | Noticed a death drake
  9460 | Gauntlet | Noticed a thrashing horror
  9467 | Gauntlet | Found a transporter.
  9467 | Gauntlet | Found a transporter.
  9467 | Gauntlet | Noticed an obsidian statue
  9491 | Gauntlet | Found a transporter.
  9498 | Gauntlet | Found a transporter.
  9507 | Gauntlet | Found a transporter.
  9510 | Gauntlet | Found a transporter.
  9528 | Gauntlet | Found a transporter.
  9550 | Gauntlet | Found a transporter.
  9596 | Gauntlet | Found a transporter.
  9610 | Gauntlet | Noticed a dire elephant
  9614 | Gauntlet | Found a transporter.
  9715 | Gauntlet | Found a transporter.
  9718 | Gauntlet | Noticed an entropy weaver
  9729 | Gauntlet | Found a transporter.
  9912 | Gauntlet | Identified the ring "Him Pis" {rC+ MP+9 Str+6 SInv}
  9924 | Gauntlet | Reached XP level 12. HP: 56/92 MP: 12/12
  9928 | Gauntlet | Killed a dire elephant
  9929 | Gauntlet | Reached skill level 5 in Evocations
 10132 | Gauntlet | Identified the +9 executioner's axe of Uskayaw, Mauling
                  | {spect, rC+ rCorr}
 10132 | Gauntlet | Noticed a minotaur
 10142 | Gauntlet | Killed a minotaur
 10665 | D:11     | Noticed a boulder beetle
 10682 | D:11     | Killed a boulder beetle
 10683 | D:11     | Reached skill level 18 in Polearms
 11376 | D:12     | Found Beqir's Assorted Antiques.
 11384 | D:12     | Bought a scroll labelled FASI IVEJY for 23 gold pieces
 11533 | D:12     | Found a staircase to the Orcish Mines.
 12055 | D:12     | Identified the +1 leather armour of Gaurhodo {*Slow Will+++
                  | Regen+}
 12189 | D:12     | Noticed a boulder beetle
 12210 | D:12     | Killed a boulder beetle
 12331 | D:12     | Reached skill level 19 in Polearms
 12374 | D:12     | Reached skill level 10 in Fighting
 12444 | D:12     | Noticed Azrael
 12480 | D:12     | Killed Azrael
 12736 | D:12     | Noticed an ice dragon
 12754 | D:12     | Killed an ice dragon
 12755 | D:12     | Reached XP level 13. HP: 92/104 MP: 13/13
 12827 | D:12     | Found the +9 sword of Zonguldrok {reap}
 12894 | D:12     | Reached skill level 20 in Polearms
 13417 | Lair:1   | Entered Level 1 of the Lair of Beasts
 15238 | Lair:2   | Reached ***** piety under Trog
 15268 | Lair:2   | Found a hole to the Spider Nest.
 15410 | Lair:2   | Found a staircase to the Shoals.
 16313 | Lair:3   | Reached XP level 14. HP: 115/115 MP: 14/14
 17140 | Lair:4   | Identified the +10 demon trident "Demonbane" {flame,
                  | Stlth+} (Trog gifted it to you on level 4 of the Lair of
                  | Beasts)
 17140 | Lair:4   | Received a gift from Trog
 17759 | Lair:4   | Found a staircase to the Slime Pits.
 17759 | Lair:4   | Found a viscous altar of Jiyva.
 18734 | Lair:5   | Entered Level 5 of the Lair of Beasts
 19055 | Lair:5   | Reached skill level 10 in Armour
 19490 | Lair:5   | Reached skill level 10 in Throwing
 19618 | Lair:5   | Reached XP level 15. HP: 70/120 MP: 15/15
 19944 | Lair:5   | Received a gift from Trog
 20219 | Lair:5   | Identified the +1 scimitar of Might {freeze, rF+}
 20645 | Lair:5   | Found a runed translucent door.
 22480 | D:13     | Found a gate to the Vaults.
 23077 | D:14     | Noticed Josephine
 23089 | D:14     | Killed Josephine
 23470 | D:14     | Noticed Louise
 23510 | D:14     | Killed Louise
 23918 | D:15     | Entered Level 15 of the Dungeon
 24299 | D:15     | Received a gift from Trog
 24507 | D:15     | Reached XP level 16. HP: 127/129 MP: 16/16
 24570 | D:15     | Found a staircase to the Depths.
 24916 | Orc:1    | Entered Level 1 of the Orcish Mines
 24990 | Orc:2    | Entered Level 2 of the Orcish Mines
 25008 | Orc:2    | Found a staircase to the Elven Halls.
 25062 | Orc:2    | Found Guf Xaos's Distillery.
 25062 | Orc:2    | Found Laxilix's Antique Armour Boutique.
 25115 | Orc:2    | Found Fyxet's Jewellery Shop.
 25176 | Orc:2    | Received a gift from Trog
 25218 | Orc:2    | Found a dark tunnel.
 25225 | Volcano  | Entered a volcano
 25665 | Volcano  | Found a radiant altar of Vehumet.
 26095 | Orc:2    | Found Reoffoj's General Store.
 26113 | Orc:2    | Found Lesmae's Jewellery Shoppe.
 26577 | Orc:2    | Found Satoby's Antique Armour Shoppe.
 26621 | Orc:2    | Found Vicwom's Antique Weapon Shoppe.
 26627 | Orc:2    | Bought a glowing bardiche for 348 gold pieces
 27330 | Orc:1    | Identified the +4 halberd "Ifeos" {heavy, Fly Dex+3} (Trog
                  | gifted it to you on level 1 of the Orcish Mines)
 27330 | Orc:1    | Received a gift from Trog
 27856 | Spider:1 | Entered Level 1 of the Spider Nest
 30030 | Spider:2 | Reached skill level 21 in Polearms
 30030 | Spider:2 | Reached skill level 10 in Dodging
 30258 | Spider:2 | Reached XP level 17. HP: 107/140 MP: 17/17
 32411 | Spider:4 | Entered Level 4 of the Spider Nest
 32428 | Spider:4 | Received a gift from Trog
 32595 | Spider:3 | Found a transporter.
 32600 | Spider:3 | Found a transporter.
 33127 | Spider:4 | Reached skill level 15 in Fighting
 33175 | Spider:4 | Reached skill level 22 in Polearms
 33607 | Spider:4 | Received a gift from Trog
 33620 | Spider:4 | Noticed Aizul
 33639 | Spider:4 | Killed Aizul
 33653 | Spider:4 | Slain by a culicivora

Illustrated notes

Levels and vault maps discovered:
D:1:      scummos_arrival_star, layout_loops_corners, serial_shops, shop_statue,
          grunt_decor_fettered
D:2:      layout_rooms, serial_shops, nicolae_shop_waterfront, nrook_campfire
D:3:      layout_basic, mainiacjoe_overflow_large_starburst,
          ebering_ecumenical_altar_webs
D:4:      layout_rooms, trog_three_pillars_becter, temple_green, uniq_pikel,
          uniq_robin
D:5:      layout_layer_cave, uniq_duvessa
D:6:      layout_rooms, lemuel_tele_altar, portal_sewer_entry_f,
          nicolae_wand_duel
D:7:      layout_gridville, kennysheep_little_box, uniq_prince_ribbit1,
          uniq_menkaure, uniq_maggie
D:8:      nicolae_cairo_tiling_very_big, layout_basic
D:9:      layout_basic
D:10:     layout_basic, makhleb_altar_promises_db, lair_entry_dummy, uniq_grum
D:11:     layout_small_grid, special_room [special_room_orc],
          gauntlet_entry_generic
D:12:     dreamdust_isle_of_ice, layout_basic, minmay_orc_entry_guard_dogs,
          serial_shops, nicolae_diamond_shop, uniq_azrael
D:13:     layout_loops_corners, erik_vaults_1, grunt_ministairs_7,
          nicolae_splish_splash
D:14:     layout_gridville, grunt_decor_one_mirror, uniq_josephine, uniq_louise
D:15:     hangedman_depths_entry_civil_slaughter, layout_basic, minivault_25
Lair:1:   layout_chaotic_city, serial_bayou_shore_a, grunt_megastairs_5,
          serial_bayou_shore_b, serial_bayou_shore_b
Lair:2:   layout_regular_city, elwin_shoals_entry_rooms,
          spider_nest_entry_rubble, grunt_megastairs_4, serial_bayou_shore_b
Lair:3:   layout_roguey
Lair:4:   layout_cave_pods, nicolae_slime_entry_slimehenge,
          nicolae_lair_liquid_snakes
Lair:5:   wormcave, layout_regular_city, hangedman_lair_tendril_chambers
Spider:1: layout_cave_pods
Spider:2: layout_cave_pods
Spider:3: gammafunk_boulding_lane
Spider:4: hellmonk_spider_rune_endless_swarm,
          hangedman_spider_tarantella_strand, uniq_aizul
Orc:1:    layout_caves, elves_outpost_lemuel
Orc:2:    grunt_orc_cross, layout_caves, basic_altar,
          nicolae_volcano_entry_two_sided, serial_shops, nicolae_square_shop,
          shop, nicolae_shop_window_shopping, mines_bat_river

Skill      XL: |  1  2  3  4  5  6  7  8  9 10 11 12 13 14 15 16 17 |
---------------+----------------------------------------------------+-----
Dodging        | 3 4 6 7 10 11 | 11.5
Polearms       | 5 6 8 9 11 13 15 17 19 20 21 22 | 22.2
Fighting       | 4 5 6 8 10 12 14 15 | 15.1
Throwing       | 2 5 6 7 10 12 | 12.0
Armour         | 2 4 5 6 8 10 12 13 | 13.2
Evocations     | 4 6 |  6.0

Action                     |  1- 3 |  4- 6 |  7- 9 | 10-12 | 13-15 | 16-18 || total
---------------------------+-------+-------+-------+-------+-------+-------++-------
  Melee: Spear             |   117 |    58 |       |       |       |       ||   175
         Punch             |     1 |     1 |     5 |       |     5 |     8 ||    20
         Trident           |       |    72 |   374 |       |       |       ||   446
         Halberd           |       |       |    19 |   175 |    12 |       ||   206
         Tailslap          |       |       |     9 |     3 |     2 |       ||    14
         Glaive            |       |       |       |   441 |   475 |       ||   916
         Demon trident     |       |       |       |       |   731 |   903 ||  1634
  Throw: Stone             |       |     3 |    11 |    11 |       |       ||    25
         Dart              |       |       |       |     6 |    23 |       ||    29
         Boomerang         |       |       |       |       |     1 |    31 ||    32
 Invoke: Trog's Hand       |       |     1 |     5 |    11 |     1 |     3 ||    21
         Berserk           |       |     2 |    10 |    15 |    13 |     6 ||    46
         Brothers in Arms  |       |       |       |     1 |       |     1 ||     2
  Evoke: Wand              |       |       |     4 |     1 |     7 |       ||    12
         Condenser vane    |       |       |       |     1 |       |     1 ||     2
    Use: Scroll            |       |       |    17 |     8 |     6 |     2 ||    33
         Potion            |       |       |     4 |     6 |       |     1 ||    11
   Stab: Sleeping          |     2 |       |       |       |       |       ||     2
         Distracted        |       |       |       |     1 |       |       ||     1
 Armour: Animal skin       |     2 |       |       |       |       |       ||     2
         Ring mail         |    16 |     5 |       |       |       |       ||    21
         Chain mail        |       |    44 |   125 |    88 |    30 |       ||   287
         Plate armour      |       |       |       |   202 |   430 |   423 ||  1055
         Fire dragon scale |       |       |       |       |       |    21 ||    21
  Dodge: Dodged            |    39 |    56 |   141 |   262 |   354 |   466 ||  1318

Table legend: (Time is in decaauts)
 A = Elapsed time spent in this place.
 B = Non-inter-level travel time spent in this place.
 C = Inter-level travel time spent in this place.
 D = Time resting spent in this place.
 E = Time spent auto-exploring this place.
 F = Levels seen in this place.
 G = Mean time per level.
                   A        B        C        D        E       F      G
               +--------+--------+--------+--------+--------+-----+--------+
         Total |  32867 |  30986 |   1881 |   4865 |  20779 |  29 | 1133.3 |
       Dungeon |  15270 |  14210 |   1060 |   2294 |   9452 |  15 | 1018.0 |
          Lair |   8071 |   7631 |    440 |   1028 |   5385 |   5 | 1614.2 |
   Spider Nest |   5616 |   5429 |    187 |   1173 |   3511 |   4 | 1404.0 |
  Orcish Mines |   2013 |   1821 |    192 |    139 |   1371 |   2 | 1006.5 |
         Sewer |    247 |    247 |      0 |     37 |     77 |   1 |  247.0 |
       Volcano |    671 |    671 |      0 |      0 |    485 |   1 |  671.0 |
      Gauntlet |    976 |    976 |      0 |    193 |    497 |   1 |  976.0 |
               +--------+--------+--------+--------+--------+-----+--------+

Top non-repeatable levels by time:
  Lair:5: 2770 daAuts
    D:12: 2320 daAuts
Spider:2: 2005 daAuts
Spider:1: 1834 daAuts
  Lair:4: 1611 daAuts
     D:5: 1428 daAuts
  Lair:2: 1366 daAuts
   Orc:2: 1223 daAuts
    D:13: 1196 daAuts
  Lair:3: 1161 daAuts
  Lair:1: 1161 daAuts
    D:11: 1126 daAuts
     D:9: 1104 daAuts
Spider:4: 1008 daAuts
     D:1: 1000 daAuts
